 Dungeon Crawl Stone Soup version 0.23.2 (webtiles) character file.

Game seed: 12994121203488903406

19 GuyDeFluk the Skirmisher (level 2, 20/20 HPs)
             Began as a Gargoyle Fighter on Mar 31, 2019.
             Quit the game on level 1 of the Dungeon.
             The game lasted 00:07:15 (994 turns).

GuyDeFluk the Skirmisher (Gargoyle Fighter)          Turns: 994, Time: 00:07:16

Health: 20/20      AC: 12    Str: 19    XL:     2   Next: 75%
Magic:  2/2        EV: 11    Int:  8    God:
Gold:   93         SH:  9    Dex:  9    Spells: 1/1 levels left

rFire    . . .     SeeInvis .   a - +1 flail
rCold    . . .     Gourm    .   c - +0 shield
rNeg     + . .     Faith    .   b - +0 scale mail
rPois    ∞         Spirit   .   (no helmet)
rElec    +         Reflect  .   o - +0 cloak
rCorr    .         Harm     .   (no gloves)
MR       .....                  (no boots)
Stlth    ..........             (no amulet)
HPRegen  0.06/turn              m - +4 ring of evasion
MPRegen  0.08/turn              (no ring)

@: no status effects
A: molten scales 1, blurry vision 1, negative energy resistance 1, electricity
resistance, unbreathing, evolution 1, petrification resistance, rot immunity,
MP-powered wands, AC +2
a: no special abilities


You were on level 1 of the Dungeon.
You were not hungry.

You visited 1 branch of the dungeon, and saw 1 of its levels.

You collected 93 gold pieces.

Inventory:

Hand Weapons
 a - a +1 flail (weapon)
Armour
 b - a +0 scale mail (worn)
 c - a +0 shield (worn)
 o - a +0 cloak (worn)
Jewellery
 m - a +4 ring of evasion (left hand)
Potions
 d - a potion of might
 h - a potion of heal wounds {unknown}
 i - a potion of lignification {unknown}
 j - a potion of berserk rage {unknown}
Comestibles
 f - 2 rations


   Skills:
 * Level 3.7 Fighting
 + Level 2.2 Maces & Flails
 + Level 3.5 Armour
 + Level 3.5 Shields


You had one spell level left.
You didn't know any spells.
Your spell library was empty.

Dungeon Overview and Level Annotations

Branches:
Dungeon (1/15)

Altars:


Innate Abilities, Weirdness & Mutations

You are resistant to torment.
Your stone body is resilient. (AC +2)
You are immune to poison.
You resist negative energy. (rN+)
You are resistant to electric shocks. (rElec)
You can survive without breathing.
You are immune to petrification.
You are immune to rotting.
You are partially covered in molten scales. (AC +2)
Scrolls take you a little longer to read.
You evolve.
You expend magic power (3 MP) to strengthen your wands.


Message History

As you read the scroll labeled USTIASIAGA, it crumbles to dust.
The air around you briefly surges with heat, but it dissipates.
It was a scroll of immolation.
As you read the scroll labeled CAMPAU DUEBO, it crumbles to dust.
You hear snatches of song.
It was a scroll of random uselessness.
As you read the scroll labeled FIBED GOLUQ, it crumbles to dust.
The scroll dissolves into smoke.
It was a scroll of fog.
All of the chunks of flesh in your inventory have rotted away.
You start waiting.
You start waiting.
You start waiting.
You start waiting.
Done waiting.
It was a potion of mutation.
You feel extremely strange.
You feel your magical essence link to your wands.
Your vision blurs.
Molten scales grow over part of your body.
You feel nature experimenting on you.
Don't worry, failures die fast.
Are you sure you want to abandon this character and quit the game? (Confirm with "yes".)

#..# #...<...# #..#
#..## ##.......## ##..#
#...###.....(...###...#
#.....................#
.>........###.........#
.#.......## ##.....(..#
.#.......# #..[.....#
.>.......## ##........#
.#........###...@....[#
.#........[...........#
.###..................#
.# #.##################
.# #.# .# #.# .###.#
.....# .###.#


There were no monsters in sight!

Vanquished Creatures
  An ooze (D:1)
  A dart slug (D:1)
  2 goblins (D:1)
  4 hobgoblins (D:1)
  3 bats (D:1)
  A frilled lizard (D:1)
12 creatures vanquished.

Notes
Turn   | Place    | Note
-------+----------+-------------------------------------------
     0 | D:1      | GuyDeFluk the Gargoyle Fighter began the quest for the Orb.
     0 | D:1      | Reached XP level 1. HP: 14/14 MP: 1/1
    68 | D:1      | Reached XP level 2. HP: 19/19 MP: 2/2
   993 | D:1      | Gained mutation: You expend magic power (3 MP) to
                  | strengthen your wands. [potion of mutation]
   993 | D:1      | Gained mutation: Scrolls take you a little longer to read.
                  | [potion of mutation]
   993 | D:1      | Gained mutation: You are partially covered in molten
                  | scales. (AC +2) [potion of mutation]
   993 | D:1      | Gained mutation: You evolve. [potion of mutation]
   994 | D:1      | Quit the game

Action                   || total
-------------------------++-------
Melee: Flail             ||    46
  Use: Scroll            ||     6
       Potion            ||     1
Armor: Scale mail        ||    27
Dodge: Dodged            ||    12
Block: Shield            ||    27
